Map: Orbital Shipyard

Players

Miszu

  • Race: Terran Terran
  • League: Grandmaster

POX - Winner!

  • Race: Protoss Protoss
  • League: Grandmaster

VOD

Have the link to the VOD?

Description

Time

  • Played on: Feb. 8, 2016, 12:51 p.m.
  • Length: 11:44
Show
View Real Time Build Order
Export as new Build Order

Miszu Terran 

Build Orders: Hellion Opening 

Get SALT Encoding   

  12  0:01  SCV  
  13  0:13  SCV  
  14  0:18  Supply Depot  
  14  0:25  SCV  
  15  0:40  SCV  
  15  0:41  Barracks  
  16  0:52  SCV  
  16  0:56  Refinery  
  18  1:04  SCV  
  18  1:18  SCV  
  19  1:30  Orbital Command  
  19  1:33  Marine  
  19  1:39  Command Center  
  20  1:44  Supply Depot  
  20  1:51  Marine  
  21  1:56  SCV  
  22  2:09  SCV  
  22  2:11  Factory  
  23  2:18  Barracks Reactor  
  23  2:21  SCV  
  24  2:33  SCV  
  25  2:46  SCV  
  26  2:52  Orbital Command  
  26  2:56  Factory  
  26  2:58  SCV  
  27  3:02  Hellion x2  
  27  3:04  Supply Depot  
  31  3:10  SCV  
  31  3:12  Barracks Reactor  
  32  3:17  SCV  
  33  3:22  SCV  
  33  3:24  Hellion x2  
  33  3:27  Supply Depot  
  38  3:29  SCV  
  39  3:34  SCV  
  40  3:42  SCV  
  40  3:46  Hellion x2, SCV  
  46  3:50  Factory, Supply Depot  
  46  3:54  SCV  
  47  3:58  SCV  
  47  4:01  Hellion  
  52  4:03  Hellion  
  52  4:06  SCV  
  52  4:07  Hellion  
  51  4:10  SCV  
  51  4:14  Hellion  
  54  4:18  SCV  
  54  4:22  Hellion, SCV  
  54  4:24  Supply Depot  
  58  4:26  Hellion  
  58  4:29  Hellion  
  58  4:30  SCV  
  63  4:34  SCV  
  63  4:35  Hellion  
  66  4:38  Factory Tech Lab  
  66  4:42  SCV  
  66  4:45  Engineering Bay  
  67  4:47  Command Center, SCV  
  67  4:48  Hellion  
  70  4:52  Refinery  
  70  4:54  SCV  
  70  4:56  Refinery  
  70  4:57  Cyclone  
  70  4:59  SCV  
  75  5:03  Supply Depot  
  75  5:05  Supply Depot  
  75  5:06  SCV  
  76  5:08  Hellion  
  78  5:22  Hellion  
  78  5:24  SCV x2  
  78  5:25  Hellion x2  
  82  5:36  SCV x2  
  82  5:37  Hellion  
  82  5:38  Cyclone  
  82  5:41  Refinery  
  82  5:42  Supply Depot  
  89  5:44  Supply Depot, Hellion  
  89  5:49  SCV x2  
  93  5:54  Factory  
  93  5:58  Factory  
  93  6:01  SCV x2  
  93  6:03  Orbital Command  
  95  6:09  Missile Turret  
  95  6:13  SCV x2  
  95  6:14  Cyclone  
  95  6:17  Hellion x2  
  104  6:25  SCV x2  
  106  6:28  Supply Depot  
  106  6:29  Supply Depot, SCV  
  106  6:31  Refinery  
  106  6:32  Refinery  
  107  6:36  Mag-Field Accelerator  
  107  6:37  SCV x2  
  107  6:38  Factory Tech Lab  
  109  6:41  Factory Tech Lab, SCV  
  109  6:45  Hellion x2  
  109  6:46  Hellion  
  116  6:48  Cyclone  
  116  6:49  SCV x2  
  116  6:54  Supply Depot  
  121  6:56  Supply Depot  
  121  6:57  SCV  
  121  6:58  Cyclone  
  125  7:01  SCV x2  
  125  7:08  Cyclone  
  125  7:17  SCV x2  
  124  7:26  Cyclone  
  124  7:27  Hellion x2  
  124  7:28  Hellion x2  
  135  7:31  Hellion  
  137  7:37  Armory x2  
  137  7:39  Supply Depot  
  137  7:43  Supply Depot  
  139  7:44  Supply Depot  
  139  7:48  Hellion, Cyclone  
  142  7:55  Hellion x3  
  148  7:58  Cyclone  
  151  8:07  Supply Depot  
  151  8:08  Supply Depot  
  151  8:09  Supply Depot  
  151  8:16  Hellion  
  151  8:17  Hellion  
  151  8:18  Factory Tech Lab  
  155  8:20  Cyclone  
  155  8:29  Command Center  
  155  8:31  Supply Depot, Cyclone  
  155  8:33  Terran Vehicle Weapons Level 1, Terran Vehicle And Ship Armor Level 1  
  158  8:39  Cyclone  
  158  8:40  Hellion x2  
  165  8:42  Hellion  
  148  9:10  Cyclone  
  148  9:15  Hellion, Cyclone x2  
  148  9:16  Hellion  
  146  9:22  Hellion  
  146  9:23  Hellion  
  144  9:31  Factory  
  144  9:32  Factory  
  144  9:37  Hellion  
  144  9:38  Hellion  
  148  9:42  Cyclone  
  148  9:43  Hellion  
  148  9:44  Hellion  
  155  9:47  Cyclone x2  
  161  9:58  Hellion  
  161  9:59  Hellion  
  165  10:04  Hellion  
  165  10:05  Hellion  
  169  10:14  Cyclone  
  172  10:17  Factory Tech Lab x2  
  172  10:19  Cyclone x2  
  172  10:20  Hellion  
  128  10:45  Cyclone  
  128  10:46  Cyclone  
  128  10:47  Cyclone  
  128  10:49  Hellion  
  132  10:51  Cyclone  
  132  10:54  Hellion  
  132  10:55  Hellion x2, Cyclone  
  120  11:14  Hellion  
  120  11:16  Hellion  
Show
View Real Time Build Order
Export as new Build Order

POX Protoss - Winner!

Build Orders: 1 Gate Expand, Blink Stalkers 

Get SALT Encoding   

  12  0:01  Probe (Chrono Boost)  
  13  0:11  Probe (Chrono Boost)  
  14  0:18  Pylon  
  14  0:22  Probe (Chrono Boost)  
  15  0:36  Probe (Chrono Boost)  
  15  0:37  Gateway  
  16  0:46  Probe (Chrono Boost)  
  16  0:48  Assimilator  
  17  0:57  Probe (Chrono Boost)  
  18  1:08  Probe (Chrono Boost)  
  19  1:20  Nexus  
  19  1:29  Cybernetics Core  
  19  1:32  Probe (Chrono Boost)  
  20  1:39  Assimilator  
  20  1:43  Probe (Chrono Boost)  
  21  1:47  Pylon  
  21  1:53  Probe (Chrono Boost)  
  22  2:04  Probe (Chrono Boost)  
  22  2:05  Adept (Chrono Boost)  
  22  2:06  Warp Gate  
  25  2:15  Probe  
  26  2:24  Twilight Council  
  26  2:28  Probe (Chrono Boost)  
  27  2:33  Stalker  
  27  2:34  Probe (Chrono Boost)  
  30  2:38  Probe (Chrono Boost)  
  31  2:44  Probe (Chrono Boost)  
  31  2:49  Probe (Chrono Boost)  
  33  2:52  Blink (Chrono Boost)  
  33  2:54  Probe (Chrono Boost)  
  34  2:59  Probe (Chrono Boost)  
  34  3:04  Probe (Chrono Boost)  
  36  3:10  Gateway  
  36  3:11  Gateway  
  36  3:13  Probe (Chrono Boost)  
  36  3:17  Probe (Chrono Boost)  
  38  3:24  Probe (Chrono Boost)  
  38  3:26  Robotics Facility  
  39  3:30  Probe (Chrono Boost)  
  39  3:32  Stalker  
  42  3:34  Probe (Chrono Boost)  
  43  3:41  Pylon  
  43  3:43  Probe (Chrono Boost)  
  43  3:45  Probe (Chrono Boost)  
  45  3:55  Probe x2 (Chrono Boost)  
  36  4:06  Mothership Core (Chrono Boost)  
  36  4:07  Probe (Chrono Boost)  
  39  4:12  Observer (Chrono Boost)  
  40  4:19  Probe (Chrono Boost)  
  40  4:23  Assimilator  
  41  4:25  Stalker, Probe (Chrono Boost)  
  45  4:31  Probe (Chrono Boost)  
  45  4:34  Pylon  
  45  4:35  Probe (Chrono Boost)  
  46  4:39  Observer  
  46  4:43  Probe (Chrono Boost)  
  46  4:45  Nexus  
  48  4:46  Probe (Chrono Boost)  
  48  4:47  Pylon  
  49  4:54  Probe (Chrono Boost)  
  49  4:56  Probe (Chrono Boost)  
  51  5:01  Observer  
  51  5:03  Stalker  
  51  5:04  Probe (Chrono Boost)  
  51  5:05  Stalker  
  57  5:09  Gateway, Probe (Chrono Boost)  
  57  5:10  Gateway  
  58  5:14  Gateway  
  58  5:16  Probe (Chrono Boost)  
  58  5:21  Probe (Chrono Boost)  
  60  5:27  Probe (Chrono Boost)  
  61  5:29  Assimilator  
  61  5:30  Observer  
  61  5:33  Probe (Chrono Boost)  
  63  5:36  Stalker x3  
  63  5:38  Probe (Chrono Boost)  
  70  5:52  Pylon  
  70  5:55  Pylon  
  71  5:57  Pylon, Probe (Chrono Boost)  
  71  5:58  Pylon  
  71  6:00  Forge  
  71  6:05  Immortal (Chrono Boost)  
  71  6:09  Probe x2  
  71  6:10  Probe  
  78  6:20  Probe x2  
  78  6:23  Probe  
  78  6:24  Robotics Facility  
  81  6:30  Probe  
  81  6:31  Probe  
  83  6:34  Protoss Ground Armor Level 1 (Chrono Boost)  
  83  6:35  Probe  
  83  6:36  Immortal  
  84  6:41  Probe  
  84  6:42  Pylon  
  84  6:43  Probe  
  90  6:47  Probe  
  90  6:49  Pylon  
  90  6:53  Assimilator  
  91  6:55  Templar Archives, Assimilator  
  91  6:56  Probe  
  91  6:57  Probe  
  91  6:58  Pylon  
  91  7:01  Probe  
  94  7:07  Probe  
  94  7:09  Probe  
  94  7:11  Immortal  
  94  7:13  Probe  
  95  7:18  Probe  
  95  7:21  Probe  
  99  7:25  Probe  
  99  7:28  Stalker x5  
  110  7:36  Immortal  
  114  7:43  Pylon  
  114  7:45  Pylon  
  114  7:48  Stalker  
  116  7:52  Gateway  
  116  7:57  Gateway x2  
  116  7:58  Gateway  
  116  8:00  Pylon  
  116  8:01  Immortal  
  116  8:03  High Templar x2  
  119  8:10  Archon  
  119  8:11  High Templar  
  119  8:12  High Templar  
  127  8:21  Gateway, Archon  
  127  8:22  Gateway  
  127  8:23  Immortal, Pylon  
  127  8:24  Gateway, Zealot  
  127  8:25  Protoss Ground Armor Level 2 (Chrono Boost)  
  133  8:35  Stalker x2  
  133  8:41  Stalker  
  139  8:43  Immortal, Stalker  
  145  8:54  Stalker x2  
  139  9:04  Stalker x3  
  137  9:14  Nexus  
  137  9:16  Immortal (Chrono Boost)  
  133  9:23  Warp Prism (Chrono Boost)  
  129  9:31  Stalker x5  
  137  9:33  Zealot  
  143  9:39  Pylon  
  143  9:43  Pylon  
  143  9:44  Pylon  
  143  9:46  Pylon  
  143  9:50  Pylon, Photon Cannon  
  143  9:51  High Templar x2  
  147  9:55  Archon  
  147  10:04  Stalker x3  
  153  10:13  Photon Cannon  
  153  10:15  Photon Cannon  
  153  10:20  Photon Cannon  
  153  10:21  High Templar x2  
  157  10:26  Archon  
  157  10:27  Stalker x2  
  159  10:37  Observer (Chrono Boost)  
  156  10:46  Stalker  
  156  10:47  Stalker x2  
  152  10:55  Stalker x4  
  152  11:01  Observer (Chrono Boost)  
  152  11:04  Assimilator x2  
  133  11:12  Stalker x2  
  133  11:13  Stalker  
  133  11:14  Stalker  
  137  11:20  Stalker x2  
Tags
 
Add a new tag
Caveats
  • Supply blocks, unpowered buildings, or Contaminate may cause inaccurate times.
  • Supply counts are checked every 10 seconds.